 Dungeon Crawl Stone Soup version 0.20-a0-1078-g4874019 (console) character file.

11116 nht the Grappler (level 11, -2/91 HPs)
             Began as a Deep Dwarf Monk on Apr 30, 2017.
             Was an Elder of Elyvilon.
             Slain by Snorg (6 damage)
             ... on level 10 of the Dungeon.
             The game lasted 00:29:30 (8303 turns).

nht the Grappler (Deep Dwarf Monk)                  Turns: 8303, Time: 00:29:32

Health: -2/91      AC: 12    Str: 25    XL:     11   Next: 45%
Magic:  17/19      EV: 11    Int: 11    God:    Elyvilon [****..]
Gold:   630        SH:  5    Dex: 15    Spells: 10/10 levels left

rFire    . . .     SeeInvis +     - Unarmed
rCold    . . .     Gourm    .   i - +0 buckler
rNeg     + . .     Faith    .   s - +6 scale mail of Poifusen {SInv}
rPois    .         Spirit   .   (helmet restricted)
rElec    .         Reflect  .   (no cloak)
rCorr    .         Harm     .   (no gloves)
MR       ++...                  (no boots)
Stlth    +.........             (no amulet)
Regen    0.0/turn               E - ring of positive energy
MPRegen  0.2/turn               d - ring of protection from magic

@: mighty, non-regenerating
A: damage resistance, heal wounds, horns 1, sense surroundings 2, screaming 2,
strong 1, no regeneration
a: Heal Wounds, Lesser Healing, Heal Other, Purification, Greater Healing,
Divine Protection, Renounce Religion


You were on level 10 of the Dungeon.
You worshipped Elyvilon.
Elyvilon was greatly pleased with you.
You were not hungry.

You visited 2 branches of the dungeon, and saw 11 of its levels.
You also visited: Sewer.

You collected 802 gold pieces.
You spent 172 gold pieces at shops.

Inventory:

Hand Weapons
 b - a +0 hunting sling
Missiles
 h - 97 sling bullets
 C - a throwing net (quivered)
Armour
 i - a +0 buckler (worn)
 l - a +1 large shield
 s - the +6 scale mail of Poifusen (worn) {SInv}
   (You found it on level 7 of the Dungeon)

   It lets you see invisible.
Magical Staves
 B - an uncursed staff of air
Jewellery
 d - a ring of protection from magic (right hand)
 E - a ring of positive energy (left hand)
Wands
 a - a wand of polymorph (12/24)
 t - a wand of lightning (0/15)
 w - a wand of confusion (0/48)
 D - a wand of iceblast (0/15)
Scrolls
 g - 2 scrolls of remove curse
 j - 6 scrolls of teleportation
 q - a scroll of blinking
 u - 3 scrolls of fog
 A - a scroll of fear
Potions
 e - a potion of might
 n - 5 potions of brilliance
 p - 6 potions of curing
 r - a potion of cancellation
 v - 2 potions of flight
 z - 7 potions of heal wounds
Books
 k - a book of Conjurations

   Spells                             Type                      Level
   a - Magic Dart                     Conjuration                  1
   b - Searing Ray                    Conjuration                  2
   c - Dazzling Spray                 Conjuration/Hexes            3
   d - Fulminant Prism                Conjuration/Hexes            4
   e - Force Lance                    Conjuration/Translocation    4
   f - Iskenderun's Mystic Blast      Conjuration                  4
 x - a book of Changes

   Spells                             Type                      Level
   a - Beastly Appendage              Transmutation                1
   b - Sticks to Snakes               Transmutation                2
   c - Spider Form                    Transmutation/Poison         3
   d - Ice Form                       Ice/Transmutation            4
   e - Blade Hands                    Transmutation                5
Comestibles
 c - 10 meat rations
 f - 9 bread rations
 m - 5 royal jellies
 o - 8 fruits


   Skills:
 + Level 3.9 Fighting
 + Level 2.7 Armour
 - Level 3.2 Dodging
 - Level 2.4 Stealth
 + Level 3.0 Shields
 * Level 13.5 Unarmed Combat
 + Level 11.6 Invocations


You had 10 spell levels left.
You didn't know any spells.

Dungeon Overview and Level Annotations

Branches:
Dungeon (10/15)            Temple (1/1) D:4            Lair (0/6) D:10
    Orc: D:9-12

Altars:
Ashenzari
Cheibriados
Dithmenos
Elyvilon
Fedhas
Gozag
Hepliaklqana
Kikubaaqudgha
Makhleb
Nemelex Xobeh
Okawaru
Qazlal
Ru
Sif Muna
Trog
Uskayaw
Vehumet
Wu Jian
Xom
Yredelemnul
Zin
The Shining One

Shops:
D:4 *   D:10 [

Annotations:
D:10 Snorg, Urug


Innate Abilities, Weirdness & Mutations

You are resistant to damage.
You can heal yourself by infusing magical energy.
You passively map the area around you.
You do not regenerate.
You have a pair of small horns on your head.
You sometimes yell uncontrollably at your foes.
Your muscles are strong. (Str +2)


Message History

Snorg is severely wounded.
You block Snorg's attack. Snorg claws you!
* * * LOW HITPOINT WARNING * * *
Snorg claws you.
You are healed.
You feel quite a bit more hungry.
You can no longer call upon Elyvilon for divine vigour.
Snorg barely misses you. x2; Snorg claws you!
You closely miss Snorg.
Snorg is severely wounded.
Snorg bites you!
* * * LOW HITPOINT WARNING * * *
Snorg claws you but does no damage. Snorg misses you.
You pummel Snorg!! You headbutt Snorg.
Snorg is almost dead.
You block Snorg's attack. Snorg misses you. Snorg claws you!
* * * LOW HITPOINT WARNING * * *
Snorg bites you!
* * * LOW HITPOINT WARNING * * *
Snorg claws you!
You die... .███ ,** , * ***, █.....█ , ,, ██...██ . .█ * * *███ ██.██ .* *..█ , █. ..█ █(█ █ ..█ * ,█.██.█ █)█ *..█ ,, █.██.█ ██)██

█.█.████████.██.█ ██)).██
█████.█.....(T.█.██.███.....██
██.██..████████@█..█.██)......██
██......█........█.██.█.........█
........█.████████....'.........'
██............)....████.........█
██.█.....██....█.██ ██.......██
███.█████████.███ ██.....██ █.█
█.█ ██...██ █.█ ███.███


██'██ █████.█ █....>█ ███.█████ You could see Snorg (berserk).

Vanquished Creatures
  4 two-headed ogres
  An ugly thing (D:9)
  Grinder (D:6)
  3 hippogriffs
  Sigmund (D:3)
  5 yaks
  2 wyverns (D:9)
  2 basilisks (D:10)
  Menkaure (D:6)
  A water moccasin (D:8)
  4 orc warriors
  A hornet zombie (D:10)
  3 sky beasts
  4 phantoms
  3 ogres
  2 black bears
  A necrophage (D:7)
  6 centaurs
  3 big kobolds
  Blork the orc (D:6)
  3 gnoll sergeants (D:10)
  A wyvern zombie (D:7)
  6 bullfrogs
  3 scorpions
  A water moccasin skeleton (D:9)
  14 killer bees
  5 wights (D:10)
  A howler monkey (D:4)
  3 crimson imps
  A bullfrog zombie (D:7)
  A water moccasin simulacrum (D:9)
  4 orc priests
  2 jellies
  8 hounds
  8 orc wizards
  2 iguanas
  9 worker ants
  A hound zombie (D:7)
  2 hound skeletons
  A worker ant zombie (D:6)
  15 gnolls
  A howler monkey skeleton (D:5)
  7 river rats
  19 adders
  A shadow imp (D:8)
  3 oozes
  An adder zombie (D:5)
  An adder skeleton (D:9)
  8 worms
  2 dart slugs (D:2)
  4 leopard geckos
  26 orcs
  5 ball pythons
  10 giant cockroaches
  6 goblins
  4 hobgoblins
  11 jackals
  25 kobolds
  2 quokkas
  4 bats
  7 frilled lizards
  A giant cockroach zombie (D:6)
  A leopard gecko skeleton (D:4)
  37 rats
326 creatures vanquished.

Notes
Turn   | Place    | Note
-------+----------+-------------------------------------------
     0 | D:1      | nht the Deep Dwarf Monk began the quest for the Orb.
     0 | D:1      | Reached XP level 1. HP: 20/20 MP: 1/1
   122 | D:1      | Reached skill level 3 in Unarmed Combat
   240 | D:1      | Reached XP level 2. HP: 21/27 MP: 2/2
   614 | D:2      | Reached XP level 3. HP: 26/33 MP: 3/3
   653 | D:2      | Reached skill level 4 in Unarmed Combat
   899 | D:2      | Reached XP level 4. HP: 24/40 MP: 4/4
  1009 | D:2      | Found a glowing golden altar of the Shining One.
  1625 | D:3      | Noticed Sigmund
  1644 | D:3      | Killed Sigmund
  1644 | D:3      | Reached skill level 6 in Unarmed Combat
  1644 | D:3      | Reached XP level 5. HP: 29/46 MP: 5/5
  1870 | D:3      | Reached XP level 6. HP: 35/55 MP: 6/6
  1939 | D:3      | Found an opulent altar of Gozag.
  2524 | D:4      | Reached skill level 7 in Unarmed Combat
  2533 | D:4      | Found a staircase to the Ecumenical Temple.
  2580 | Temple   | Entered the Ecumenical Temple
  2642 | Temple   | Became a worshipper of Elyvilon the Healer
  2642 | Temple   | Reached * piety under Elyvilon
  2642 | Temple   | Reached ** piety under Elyvilon
  2731 | D:4      | Reached skill level 1 in Invocations
  2731 | D:4      | Reached XP level 7. HP: 30/61 MP: 6/8
  2833 | D:4      | Found a sparkling altar of Nemelex Xobeh.
  2938 | D:4      | Found a deep blue altar of Sif Muna.
  2938 | D:4      | Found a snail-covered altar of Cheibriados.
  3066 | D:4      | Found Sebbiex's Assorted Antiques.
  3089 | D:4      | Bought a scroll labeled YVYFIAWAUT for 27 gold pieces
  3089 | D:4      | Bought a gluggy blue potion for 24 gold pieces
  3089 | D:4      | Bought a scroll of fog for 54 gold pieces
  3267 | D:5      | Entered Level 5 of the Dungeon
  3329 | D:5      | Reached skill level 8 in Unarmed Combat
  3630 | D:5      | Found a blossoming altar of Fedhas.
  3630 | D:5      | Found a shimmering altar of Xom.
  3633 | D:5      | Found an ornate altar of the Wu Jian Council.
  3657 | D:5      | Reached *** piety under Elyvilon
  3744 | D:5      | Reached XP level 8. HP: 28/68 MP: 11/11
  3938 | D:6      | Noticed Grinder
  3949 | D:5      | Gained mutation: You occasionally shout uncontrollably at your foes. [potion of mutation]
  3949 | D:5      | Gained mutation: You sometimes yell uncontrollably at your foes. [potion of mutation]
  3949 | D:5      | Gained mutation: Your muscles are strong. (Str +2) [potion of mutation]
  3949 | D:5      | Gained mutation: You have a pair of small horns on your head. [potion of mutation]
  3956 | D:6      | Noticed Blork the orc
  3965 | D:6      | Reached skill level 5 in Invocations
  3968 | D:6      | Killed Blork the orc
  3968 | D:6      | Reached skill level 9 in Unarmed Combat
  3973 | D:6      | Killed Grinder
  4067 | D:6      | Found a glowing drain.
  4097 | Sewer    | Entered a sewer
  4779 | D:6      | Noticed a two-headed ogre
  4792 | D:6      | Elyvilon protects you from harm!
  4806 | D:6      | Reached skill level 10 in Unarmed Combat
  4806 | D:6      | Gained mutation: You passively map the area around you. [Deep Dwarf growth]
  4806 | D:6      | Reached XP level 9. HP: 5/74 MP: 10/14
  4843 | D:6      | Killed a two-headed ogre
  4878 | D:6      | Noticed Menkaure
  4882 | D:6      | Killed Menkaure
  5173 | D:7      | Reached skill level 11 in Unarmed Combat
  5352 | D:7      | Got a smoking scale mail
  5363 | D:7      | Identified the +6 scale mail of Poifusen {SInv} (You found it on level 7 of the Dungeon)
  5910 | D:8      | Reached XP level 10. HP: 72/81 MP: 16/16
  6089 | D:8      | Reached **** piety under Elyvilon
  6363 | D:9      | Noticed a red ugly thing
  6374 | D:9      | Reached skill level 12 in Unarmed Combat
  6378 | D:9      | Killed a red ugly thing
  6394 | D:9      | Reached skill level 10 in Invocations
  6474 | D:9      | Noticed a two-headed ogre
  6493 | D:9      | Killed a two-headed ogre
  6598 | D:9      | Reached skill level 13 in Unarmed Combat
  7024 | D:9      | Found a basalt altar of Yredelemnul.
  7151 | D:9      | Noticed a two-headed ogre
  7156 | D:9      | Killed a two-headed ogre
  7156 | D:9      | Reached skill level 1 in Armour
  7156 | D:9      | Reached XP level 11. HP: 79/90 MP: 19/19
  7405 | D:10     | Entered Level 10 of the Dungeon
  7414 | D:10     | Reached skill level 1 in Shields
  7439 | D:10     | Found Nigeli's Armour Emporium.
  7483 | D:10     | Bought a +0 buckler for 67 gold pieces
  7517 | D:10     | Found a staircase to the Lair.
  7727 | D:10     | Noticed a two-headed ogre
  7734 | D:10     | Killed a two-headed ogre
  8077 | D:10     | Noticed Snorg
  8078 | D:10     | Noticed Urug
  8235 | D:10     | Reached ***** piety under Elyvilon
  8303 | D:10     | HP: 4/91 [Snorg (8)]
  8303 | D:10     | Slain by Snorg

Vault maps used:
D:1:      tarquinn_simple_flora_water_b
D:2:      st_stairs_14, minmay_fountain_box, hangedman_decor_points,
          minmay_door_square, nicolae_tso_swordbearing_angel
D:3:      lemuel_crystal_altar, first_bread, uniq_sigmund
D:4:      cheibrodos_helix_gallery, nemelex_xobeh_ov_fountains_minmay,
          amethyst_overflow_temple_binary, minmay_temple_entry_statues_pillars,
          serial_shops, nicolae_shop_temple_entry_statues_fountains,
          minmay_misc_feat_encased
D:5:      grunt_temple_overflow_open, nrook_pool_corridor
D:6:      cheibrodos_sewer_entry_sluice, uniq_menkaure, uniq_blork_the_orc,
          uniq_grinder
D:8:      grunt_ogre_cave
D:9:      hangedman_cross_cluster, lemuel_crystal_altar, minmay_liquid_box
D:10:     david_lair_generic, serial_shops, shop, minivault_27, uniq_urug,
          uniq_snorg
Temple:   eino_temple_lava
Sewer:    sewer_minmay_treatment

Skill      XL: |  1  2  3  4  5  6  7  8  9 10 11 |
---------------+----------------------------------+-----
Unarmed Combat | 3 4 6 7 8 10 11 13 | 13.5
Invocations    | 1 4 6 9 11 | 11.6
Fighting       | 3 |  3.9
Armour         | 1 2 |  2.7
Shields        | 3 |  3.0
Dodging        | |  3.2
Stealth        | |  2.4

Action                   |  1- 3 |  4- 6 |  7- 9 | 10-12 || total
-------------------------+-------+-------+-------+-------++-------
Melee: Unarmed           |   108 |   170 |   417 |   302 ||   997
       Punch             |       |     7 |    19 |    11 ||    37
       Headbutt          |       |       |    57 |    74 ||   131
 Fire: Hunting sling     |    48 |   104 |    30 |       ||   182
Throw: Throwing net      |       |       |       |     2 ||     2
Invok: Lesser Healing    |       |       |    25 |     9 ||    34
       Purification      |       |       |     1 |       ||     1
       Greater Healing   |       |       |       |     7 ||     7
Evoke: Wand              |       |       |    23 |    45 ||    68
  Use: Scroll            |       |     5 |     9 |     7 ||    21
       Potion            |       |     3 |    10 |     4 ||    17
 Stab: Sleeping          |     2 |       |       |       ||     2
       Confused          |       |       |     2 |     1 ||     3
  Eat: Chunk             |       |     6 |    15 |    11 ||    32
Armor: Chain mail        |    50 |    77 |   178 |       ||   305
       Scale mail        |       |       |    21 |   116 ||   137
Dodge: Dodged            |    62 |    66 |   334 |   110 ||   572
Block: Buckler           |       |       |       |    31 ||    31
